Map: Nightscape LE

Players

Massa - Winner!

  • Race: Terran Terran
  • League: Platinum
  • Spawn Location: 1:00

qqq - Winner!

  • Race: Protoss Protoss
  • Spawn Location: 1:00

rtet

  • Race: Terran Terran
  • League: Diamond
  • Spawn Location: 7:00

Stormy

  • Race: Zerg Zerg
  • Spawn Location: 7:00

VOD

Have the link to the VOD?

Description

Time

  • Played on: Nov. 16, 2020, 3:15 p.m.
  • Length: 15:57
Show
View Real Time Build Order
Export as new Build Order

Massa Terran - Winner!

Build Orders:  

Get SALT Encoding   

  12  0:00  SCV  
  13  0:12  SCV  
  14  0:19  Supply Depot  
  14  0:24  SCV  
  15  0:41  SCV  
  15  0:42  Barracks  
  16  0:46  Refinery  
  16  0:53  SCV  
  17  1:05  SCV  
  18  1:17  SCV  
  19  1:29  Orbital Command  
  20  1:34  Barracks Reactor  
  19  1:42  Command Center  
  19  1:56  SCV  
  20  2:05  Supply Depot  
  20  2:09  Supply Depot  
  20  2:10  Marine x2  
  22  2:17  SCV  
  22  2:22  Factory  
  23  2:28  Marine x2  
  23  2:29  SCV  
  25  2:48  Marine x2  
  27  2:52  SCV  
  27  2:54  Orbital Command  
  28  3:04  SCV  
  29  3:06  Starport, Marine x2  
  29  3:10  Factory Reactor  
  31  3:16  SCV  
  32  3:22  SCV  
  32  3:23  Marine  
  32  3:24  Marine  
  35  3:28  SCV  
  36  3:34  SCV  
  37  3:41  Marine x2  
  39  3:56  Refinery  
  39  3:57  Factory Tech Lab, SCV  
  39  3:58  Refinery, SCV  
  39  3:59  Marine x2  
  39  4:00  Command Center  
  43  4:06  Medivac  
  43  4:09  SCV  
  46  4:10  SCV  
  47  4:17  Hellion  
  47  4:22  SCV  
  50  4:33  Liberator  
  50  4:38  Refinery  
  53  4:40  Engineering Bay  
  53  4:45  Supply Depot  
  53  4:47  Supply Depot  
  53  4:49  SCV, Supply Depot  
  54  5:07  SCV x2, Marine x2, Siege Tank  
  54  5:09  Medivac  
  63  5:19  SCV x2  
  65  5:29  Marine x2  
  65  5:31  SCV  
  68  5:35  Barracks  
  68  5:38  Orbital Command  
  68  5:39  Siege Tank  
  71  5:47  Marine x2  
  73  5:51  SCV x2  
  75  6:03  SCV x2  
  77  6:05  Marine x2, Medivac x2  
  77  6:07  Orbital Command  
  83  6:15  SCV x2  
  85  6:36  Barracks Tech Lab, Marine x2  
  87  6:54  Marine x2  
  87  6:55  Siege Tank  
  86  7:07  Liberator x2  
  89  7:10  Marauder  
  89  7:12  Marine x2, Stimpack  
  86  7:39  Marine x2  
  86  7:41  Marauder  
  86  7:42  Siege Tank  
  84  7:57  Marine  
  85  8:08  Supply Depot  
  85  8:10  Supply Depot x2  
  85  8:11  Supply Depot  
  85  8:13  Supply Depot  
  85  8:14  Supply Depot  
  85  8:18  Barracks x3  
  85  8:29  Marine x2, Siege Tank  
  85  8:30  Marauder  
  85  8:33  Supply Depot  
  92  8:35  Supply Depot  
  92  8:40  SCV  
  93  8:47  Marine x2  
  95  8:51  Marauder  
  95  8:52  SCV  
  77  9:01  Siege Tank  
  74  9:04  SCV  
  74  9:05  Marine  
  73  9:12  Marauder  
  73  9:14  Marine  
  73  9:15  Marine x3  
  73  9:16  SCV  
  80  9:18  Combat Shield  
  80  9:23  Marine  
  81  9:28  SCV  
  82  9:32  Marine  
  82  9:33  Marine  
  82  9:34  Marauder, Siege Tank  
  91  9:40  Marine  
  92  9:47  Barracks Tech Lab  
  92  9:48  Barracks Reactor  
  92  9:50  Marine  
  91  9:55  Marauder  
  91  9:56  Armory, Engineering Bay  
  91  9:58  Starport  
  93  10:01  Factory  
  93  10:02  Factory  
  93  10:06  Siege Tank  
  96  10:07  Terran Infantry Armor Level 1, Barracks x3  
  96  10:09  Barracks  
  96  10:17  Marauder  
  96  10:18  Medivac  
  96  10:19  Medivac  
  102  10:32  Marauder  
  102  10:33  Marine x5  
  109  10:38  Marauder, Siege Tank  
  109  10:50  Marine  
  109  10:51  Marine x4  
  109  10:54  Marauder  
  116  10:59  Marauder  
  118  11:08  Marine  
  118  11:09  Barracks Reactor x2, Barracks Tech Lab x2, Marine x4  
  123  11:15  Marauder  
  125  11:20  Siege Tank  
  125  11:21  Factory Tech Lab x2, Marauder  
  130  11:25  Terran Infantry Weapons Level 1  
  130  11:26  Marine  
  130  11:27  Marine x4  
  130  11:28  Terran Vehicle Weapons Level 1  
  135  11:36  Marauder  
  135  11:38  Refinery  
  137  11:40  Refinery  
  137  11:42  Marauder  
  137  11:46  Command Center  
  139  11:49  Marauder x2, Marine x6, Command Center  
  149  12:03  Marauder, Marine  
  149  12:07  Marine x2  
  149  12:33  Supply Depot  
  149  12:34  Supply Depot  
  149  12:35  Supply Depot  
  149  12:54  Marine x5, Siege Tank  
  149  12:55  Marauder, Marine x3, Siege Tank  
  149  12:56  Marauder x3, Marine  
  172  13:12  Marine x3  
  175  13:13  Marine x2  
  175  13:14  Smart Servos  
  175  13:17  Marauder  
  175  13:18  Marauder x3  
  185  13:38  Marauder  
  185  13:39  Marauder x3  
  193  13:48  Supply Depot  
  193  13:51  Supply Depot  
  193  13:52  Terran Vehicle And Ship Armor Level 1  
  193  13:54  Supply Depot  
  193  14:00  Marauder  
  193  14:01  Marauder x2  
  183  14:13  Supply Depot  
  183  14:15  Supply Depot  
  161  14:17  Supply Depot  
  153  14:32  Marine  
  153  14:33  Marine x12  
  153  14:37  Supply Depot  
  166  14:41  Supply Depot  
  166  14:50  Marine  
  166  14:51  Marine x12  
  175  15:08  Marine x3  
  174  15:16  Missile Turret x3  
  174  15:18  Command Center, Missile Turret  
  174  15:19  Missile Turret  
Show
View Real Time Build Order
Export as new Build Order

qqq Protoss - Winner!

Build Orders: Nexus First, Phoenix Opening, Carriers 

Get SALT Encoding   

  12  0:02  Probe  
  13  0:14  Probe  
  14  0:28  Probe  
  15  0:29  Pylon  
  15  0:56  Nexus  
  15  0:59  Probe  
  16  1:11  Probe  
  17  1:15  Gateway  
  17  1:28  Probe (Chrono Boost)  
  17  1:30  Assimilator  
  18  1:37  Assimilator  
  19  1:40  Probe (Chrono Boost)  
  19  1:47  Probe (Chrono Boost)  
  19  1:48  Pylon  
  20  1:54  Probe  
  21  2:06  Probe  
  21  2:12  Cybernetics Core  
  21  2:15  Probe (Chrono Boost)  
  22  2:19  Probe (Chrono Boost)  
  23  2:26  Probe (Chrono Boost)  
  23  2:28  Probe (Chrono Boost)  
  25  2:43  Probe  
  26  2:44  Probe  
  27  2:54  Stargate  
  27  2:56  Probe x2  
  27  2:57  Pylon  
  29  3:06  Stargate  
  29  3:08  Probe  
  30  3:15  Forge  
  30  3:20  Probe  
  30  3:21  Probe  
  30  3:23  Pylon  
  30  3:24  Stalker (Chrono Boost)  
  33  3:35  Probe  
  33  3:39  Assimilator  
  34  3:43  Assimilator  
  34  3:46  Phoenix  
  34  3:48  Probe  
  37  3:49  Probe  
  38  4:00  Probe  
  38  4:01  Probe  
  40  4:08  Photon Cannon  
  40  4:10  Phoenix  
  40  4:12  Probe  
  40  4:13  Probe  
  44  4:18  Phoenix  
  46  4:25  Probe  
  46  4:26  Probe  
  48  4:37  Probe  
  49  4:38  Probe  
  49  4:43  Nexus  
  50  4:47  Pylon  
  50  5:01  Pylon  
  50  5:03  Phoenix  
  50  5:05  Phoenix  
  54  5:08  Probe  
  55  5:16  Protoss Air Weapons Level 1  
  55  5:20  Photon Cannon  
  55  5:21  Probe  
  56  5:28  Phoenix  
  58  5:33  Probe, Fleet Beacon  
  59  5:39  Stargate  
  59  5:45  Phoenix  
  61  5:58  Probe (Chrono Boost)  
  62  6:08  Probe (Chrono Boost)  
  63  6:13  Probe (Chrono Boost), Phoenix x2  
  65  6:35  Carrier (Chrono Boost)  
  65  6:38  Phoenix (Chrono Boost)  
  67  6:55  Photon Cannon  
  67  6:57  Shield Battery  
  67  6:58  Pylon  
  67  7:00  Photon Cannon  
  67  7:04  Pylon x2  
  65  7:22  Carrier  
  62  8:00  Probe  
  58  8:07  Probe  
  59  8:13  Probe  
  59  8:19  Probe  
  61  8:25  Probe  
  62  8:28  Pylon x2  
  62  8:33  Nexus  
  62  8:35  Pylon  
  62  8:37  Pylon  
  62  8:39  Pylon  
  62  8:41  Pylon  
  62  8:42  Gateway  
  62  8:46  Probe x2, Oracle, Carrier  
  73  8:58  Probe x2  
  75  9:10  Probe x2  
  71  9:20  Photon Cannon  
  71  9:21  Photon Cannon  
  71  9:22  Probe x2  
  71  9:23  Carrier  
  79  9:24  Photon Cannon  
  79  9:34  Probe x2  
  81  9:46  Probe  
  81  9:49  Cybernetics Core  
  81  9:50  Carrier  
  81  9:51  Probe  
  89  10:03  Probe  
  90  10:08  Assimilator  
  90  10:12  Carrier  
  96  10:15  Probe  
  97  10:21  Anion Pulse-Crystals  
  97  10:27  Carrier  
  94  10:54  Void Ray  
  94  11:03  Probe  
  99  11:11  Void Ray  
  99  11:15  Probe  
  102  11:25  Void Ray, Assimilator  
  102  11:27  Probe  
  107  11:37  Carrier  
  115  11:40  Probe  
  115  11:46  Protoss Air Armor Level 1  
  114  11:52  Probe  
  115  12:04  Probe  
  116  12:11  Pylon  
  116  12:13  Pylon  
  116  12:15  Pylon  
  116  12:16  Probe, Pylon  
  116  12:18  Pylon  
  116  12:19  Pylon  
  117  12:24  Photon Cannon  
  117  12:25  Void Ray  
  117  12:26  Shield Battery  
  117  12:29  Probe  
  122  12:30  Carrier  
  126  12:41  Probe  
  127  12:53  Probe  
  127  12:55  Void Ray  
  126  13:02  Void Ray  
  130  13:05  Probe  
  135  13:17  Probe  
  136  13:21  Photon Cannon  
  136  13:24  Photon Cannon  
  136  13:25  Shield Battery  
  134  13:30  Probe  
  141  13:34  Carrier  
  141  13:38  Carrier  
  147  13:42  Probe  
  147  13:45  Tempest  
  153  13:54  Probe  
  140  14:28  Tempest  
  127  14:32  Void Ray  
  127  14:36  Void Ray  
  131  14:40  Probe  
  137  14:52  Probe  
  137  14:54  Nexus  
  137  14:55  Pylon  
  137  14:57  Pylon  
  137  14:59  Pylon  
  137  15:05  Probe, Void Ray  
  138  15:09  Nexus, Void Ray  
  138  15:11  Pylon  
  142  15:17  Probe  
  155  15:27  Photon Cannon  
  155  15:29  Probe  
  155  15:31  Photon Cannon  
  152  15:37  Photon Cannon  
Show
View Real Time Build Order
Export as new Build Order

rtet Terran 

Build Orders: Reaper Expand 

Get SALT Encoding   

  12  0:00  SCV  
  13  0:16  Supply Depot  
  13  0:18  SCV  
  14  0:30  SCV  
  15  0:40  Barracks  
  15  0:42  SCV  
  16  0:47  Refinery  
  16  0:54  SCV  
  17  1:06  SCV  
  18  1:18  SCV  
  19  1:30  Reaper  
  19  1:31  Orbital Command  
  20  1:43  Command Center  
  20  1:56  SCV  
  21  2:02  Marine  
  21  2:08  Factory  
  22  2:13  SCV  
  23  2:19  Supply Depot  
  23  2:21  Refinery  
  23  2:29  Barracks Reactor  
  23  2:40  SCV  
  24  2:53  SCV  
  24  2:54  Orbital Command  
  25  3:03  Starport  
  25  3:14  SCV  
  25  3:17  Barracks Tech Lab  
  26  3:20  Hellion  
  26  3:21  Hellion  
  26  3:23  SCV  
  26  3:26  SCV  
  32  3:35  SCV  
  32  3:36  Engineering Bay  
  32  3:37  Engineering Bay  
  32  3:38  SCV  
  34  3:49  Medivac  
  34  3:50  SCV  
  34  3:55  Siege Tank  
  40  3:56  Marine x2  
  40  3:59  SCV  
  40  4:02  SCV  
  44  4:04  Terran Infantry Weapons Level 1  
  44  4:11  SCV, Missile Turret  
  44  4:13  Marine  
  44  4:14  Missile Turret  
  46  4:35  Supply Depot  
  46  4:37  Supply Depot  
  46  4:52  Terran Infantry Armor Level 1  
  46  4:56  SCV, Marine x2, Medivac  
  51  5:05  Barracks x2  
  51  5:08  SCV  
  51  5:11  SCV  
  51  5:13  Refinery  
  51  5:14  Marine x2  
  53  5:20  SCV, Siege Tank  
  59  5:23  SCV  
  59  5:27  Starport Reactor  
  60  5:32  Marine x2  
  62  5:40  Supply Depot  
  62  5:41  Supply Depot  
  62  5:42  Supply Depot  
  62  5:55  Barracks Reactor x2  
  62  6:02  SCV, Marine x2  
  60  6:19  Marine x2  
  60  6:22  SCV  
  61  6:31  Marine x2  
  61  6:33  Marine  
  61  6:37  Marine x2  
  61  6:39  Marine  
  65  6:49  Marine x2  
  66  6:54  Marine  
  66  6:55  Marine x2  
  66  6:57  Marine  
  70  7:07  Marine x2  
  70  7:12  Marine  
  70  7:13  Marine x2  
  70  7:15  Marine  
  70  7:24  Marine  
  70  7:25  Marine  
  68  7:30  Marine  
  68  7:31  Marine x2  
  68  7:32  Marine  
  68  7:37  SCV  
  73  7:42  Marine x2  
  73  7:48  Marine x3  
  73  7:49  SCV  
  73  7:50  Marine  
  69  8:00  SCV, Marine x2  
  69  8:01  SCV  
  70  8:05  Marine  
  70  8:06  Marine x2  
  70  8:07  Siege Tank  
  70  8:08  Marine  
  77  8:13  SCV  
  78  8:32  Supply Depot x2  
  78  8:34  Supply Depot  
  78  8:53  Marine x5  
  78  8:54  Marine, Siege Tank  
  83  9:11  Marine x3  
  83  9:12  Marine  
  87  9:24  SCV, Barracks  
  87  9:25  SCV  
  87  9:27  Refinery  
  87  9:29  Marine x4  
  87  9:31  Barracks Tech Lab  
  93  9:33  Barracks  
  93  9:36  Barracks  
  93  9:37  SCV  
  91  9:47  Marine x4  
  91  9:50  SCV  
  91  9:51  Medivac x2  
  100  9:53  Stimpack  
  100  10:05  Marine x2  
  102  10:16  Supply Depot x2  
  102  10:17  Command Center, Supply Depot  
  102  10:18  Supply Depot  
  102  10:21  Supply Depot  
  102  10:37  Marine x4  
  102  10:38  Marine x2, Medivac x2, Siege Tank  
  103  10:55  Marine x3  
  100  11:00  Barracks Tech Lab x2  
  100  11:02  Marine x2  
  98  11:08  Medivac x2  
  96  11:15  Marine  
  96  11:16  Marine  
  96  11:17  SCV  
  94  11:22  Armory, Combat Shield  
  94  11:23  Concussive Shells  
  94  11:29  SCV  
  95  11:37  Medivac x2  
  95  11:38  SCV  
  100  11:41  Orbital Command, SCV  
  101  11:50  SCV  
  101  11:53  SCV  
  103  11:56  Marine x2  
  103  11:57  Marine, Siege Tank  
  103  11:58  Marine x2  
  103  11:59  Marauder  
  113  12:02  SCV  
  113  12:05  SCV  
  113  12:07  Medivac x2  
  117  12:09  Marine  
  117  12:10  Terran Infantry Weapons Level 2  
  117  12:14  Marine x2  
  120  12:15  Marine x2  
  120  12:16  Marine  
  120  12:17  SCV  
  120  12:18  SCV  
  120  12:20  Marine  
  126  12:27  Marine  
  128  12:30  SCV  
  128  12:32  Marine x2  
  128  12:33  Marine x2  
  128  12:34  Marine  
  126  12:37  Marine  
  124  12:45  Marine  
  124  12:49  Marine  
  126  12:57  Marine, Command Center  
  126  12:58  Marine x4  
  127  12:59  Medivac x2, Siege Tank  
  127  13:02  Marine  
  135  13:07  Marine  
  135  13:15  Marine  
  135  13:16  Marine x4  
  140  13:28  Marine x2  
  140  13:29  Missile Turret  
  140  13:33  Marine x3, Missile Turret  
  140  13:34  Missile Turret  
  136  13:38  Missile Turret  
  136  13:40  Marine  
  136  13:41  Marine  
  136  13:45  Marine  
  136  13:46  Marine  
  139  13:51  Marine x3  
  142  13:57  Missile Turret  
  142  13:58  Marine  
  142  13:59  Marine  
  135  14:03  Marine  
  135  14:04  Marine  
  135  14:09  Marine x3  
  123  14:16  Marine  
  96  14:17  Marine  
  96  14:21  Marine  
  96  14:22  Marine  
  81  14:26  Marine  
  81  14:27  Marine x2  
  84  14:34  Marine  
  84  14:35  Marine  
  86  14:39  Marine x2  
  86  14:44  Marine  
  86  14:45  Marine x2  
  91  14:51  Marine  
  90  14:53  Marine  
  90  14:57  Marine x2  
  93  15:02  Marine  
  93  15:03  Marine x2  
  96  15:09  Marine  
  96  15:11  Marine  
  97  15:15  Marine x2  
  97  15:20  Marine x3  
  102  15:23  Siege Tank  
  102  15:27  Marine  
  91  15:28  Marine  
  91  15:32  Marine  
  91  15:33  Marine  
  82  15:38  Marine x3  
Show
View Real Time Build Order
Export as new Build Order

Stormy Zerg 

Build Orders: Hatch First 

Get SALT Encoding   

  12  0:00  Drone  
  13  0:13  Overlord  
  13  0:16  Drone  
  14  0:42  Hatchery  
  13  0:45  Drone  
  13  0:49  Drone  
  15  0:53  Drone  
  16  0:59  Drone  
  17  1:08  Drone  
  18  1:15  Extractor  
  17  1:22  Spawning Pool  
  16  1:28  Drone  
  17  1:38  Drone  
  18  1:43  Drone  
  19  1:58  Overlord  
  19  2:09  Queen x2  
  19  2:10  Zergling x4  
  19  2:11  Zergling x2  
  26  2:20  Drone  
  26  2:21  Drone  
  28  2:28  Metabolic Boost  
  28  2:33  Drone  
  28  2:34  Drone  
  30  2:41  Overlord  
  30  2:42  Drone  
  31  3:05  Drone  
  32  3:06  Drone x3  
  32  3:07  Queen  
  32  3:10  Overlord  
  32  3:11  Drone  
  38  3:18  Extractor  
  37  3:35  Lair  
  37  3:41  Baneling Nest  
  37  3:43  Roach Warren  
  37  3:46  Drone  
  37  3:47  Drone x3  
  39  3:52  Drone  
  39  3:53  Extractor x2, Drone x3  
  41  3:59  Drone  
  41  4:00  Drone  
  43  4:10  Overlord  
  43  4:11  Drone  
  43  4:12  Drone x4  
  48  4:30  Drone x2, Overlord  
  50  4:31  Overlord  
  50  4:35  Glial Reconstitution  
  50  4:36  Centrifical Hooks  
  50  4:41  Drone x3  
  50  4:43  Drone  
  54  5:07  Roach  
  54  5:08  Roach x7  
  54  5:12  Overlord  
  70  5:22  Overlord  
  70  5:24  Roach x3  
  76  5:31  Overlord x2  
  76  5:33  Zergling x4  
  78  5:59  Ravager  
  78  6:00  Ravager x6  
  78  6:02  Ravager  
  87  6:04  Ravager  
  87  6:06  Roach  
  87  6:07  Roach x4  
  87  6:09  Zergling x10  
  102  6:20  Zergling x2  
  102  6:21  Zergling x6  
  95  6:50  Zergling x2  
  95  6:51  Zergling x12  
  82  7:27  Zergling x14  
  82  7:28  Zergling x10  
  79  7:42  Roach x2  
  69  7:53  Hatchery  
  68  8:03  Hydralisk Den  
  68  8:04  Evolution Chamber  
  68  8:05  Evolution Chamber  
  63  8:07  Roach x5  
  63  8:08  Roach x3  
  79  8:22  Baneling  
  79  8:23  Baneling x11  
  79  8:25  Zergling x2  
  79  8:26  Zergling x12  
  86  8:31  Spire  
  67  9:14  Queen  
  69  9:19  Drone, Overlord  
  69  9:20  Drone x14  
  84  9:34  Overlord x2  
  84  9:35  Zergling x2  
  84  9:36  Zergling x6  
  88  9:40  Hatchery  
  88  9:45  Zerg Flyer Weapons Level 1  
  87  9:48  Corruptor x8  
  103  9:59  Extractor  
  102  10:01  Drone, Overlord  
  102  10:02  Drone, Extractor  
  103  10:14  Baneling x6  
  103  10:15  Baneling x3, Corruptor x6  
  103  10:16  Corruptor  
  103  10:19  Zergling x6  
  120  10:44  Baneling  
  120  10:45  Baneling x12  
  120  11:00  Corruptor  
  120  11:01  Corruptor  
  124  11:22  Queen  
  124  11:23  Drone  
  124  11:24  Drone x4, Overlord x2  
  124  11:25  Zergling x2  
  132  11:26  Zergling x24  
  132  11:29  Overlord  
  144  11:41  Zerg Flyer Weapons Level 2  
  144  11:42  Zerg Melee Weapons Level 1  
  144  11:43  Zerg Ground Armor Level 1  
  144  11:53  Infestation Pit  
  143  12:08  Corruptor x5  
  141  12:18  Extractor x2  
  139  12:26  Overlord x2  
  139  12:32  Overlord x2  
  139  12:33  Zergling x2  
  139  12:34  Zergling x24  
  152  13:05  Corruptor x9  
  154  13:06  Corruptor  
  156  13:45  Baneling x10  
  156  13:46  Baneling x4  
  156  13:56  Hive  
  98  14:35  Zergling x2  
  98  14:36  Zergling x32  
  115  14:48  Zergling x2  
  115  14:49  Zergling x30  
  128  15:13  Baneling x5  
  128  15:14  Baneling x23  
  119  15:15  Baneling x4  
  119  15:16  Baneling x5  
  119  15:18  Overlord x2  
  119  15:19  Corruptor  
Tags
 
Add a new tag
Caveats
  • Supply blocks, unpowered buildings, or Contaminate may cause inaccurate times.
  • Supply counts are checked every 10 seconds.